 Dungeon Crawl Stone Soup version 0.21.1-1-g345015fe64 (webtiles) character file.

125 Jannitor the Insei (level 4, -7/35 HPs)
             Began as a Vampire Chaos Knight on May 18, 2018.
             Mangled by a crimson imp
             ... wielding a +0 dagger of chaos
              (20 damage)
             ... on level 3 of the Dungeon.
             The game lasted 00:03:28 (1905 turns).

Jannitor the Insei (Vampire Chaos Knight)           Turns: 1905, Time: 00:03:28

Health: -7/35      AC:  0    Str: 12    XL:     4   Next: 82%
Magic:  4/4        EV: 15    Int: 19    God:    Xom [.*....]
Gold:   61         SH:  3    Dex: 13    Spells: 3/3 levels left

rFire    . . .     SeeInvis +     - Unarmed
rCold    . . .     Gourm    .   (shield currently unavailable)
rNeg     . . .     Faith    .   (armour currently unavailable)
rPois    .         Spirit   .   (helmet currently unavailable)
rElec    .         Reflect  +   (cloak currently unavailable)
rCorr    .         Harm     .   (gloves currently unavailable)
MR       .....                  (boots currently unavailable)
Stlth    +.........             g - +3 amulet of reflection
HPRegen  0.31/turn              (ring currently unavailable)
MPRegen  0.09/turn              (ring currently unavailable)

@: brilliant, pig-form (expiring), regenerating quickly, very quick
A: small, see invisible
a: Renounce Religion


You were on level 3 of the Dungeon.
You worshipped Xom.
You were a plaything of Xom.
You were full.
You were a filthy swine.
You visited 1 branch of the dungeon, and saw 3 of its levels.

You collected 61 gold pieces.

Inventory:

Armour
 a - a +2 leather armour (melded)
 d - a +0 helmet (melded)
 l - a +0 pair of boots (melded)
Jewellery
 f - a +3 ring of evasion (melded)
 g - a +3 amulet of reflection (around neck)
Scrolls
 c - a scroll of enchant weapon {unknown}
 e - a scroll of remove curse {unknown}
 h - a scroll of teleportation {unknown}
 i - 2 scrolls of identify {unknown}
 m - a scroll of noise {unknown}
Potions
 b - 2 potions of blood
 j - a potion of haste {unknown}
 k - a potion of ambrosia {unknown}
 n - a potion of curing {unknown}
 o - a potion of magic {unknown}


   Skills:
 + Level 3.4 Fighting
 - Level 0.7 Armour
 + Level 3.2 Dodging
 * Level 5.0 Unarmed Combat


You had 3 spell levels left.
You didn't know any spells.

Dungeon Overview and Level Annotations

Branches:
Dungeon (3/15)

Altars:
Dithmenos
Xom


Innate Abilities, Weirdness & Mutations

Your natural rate of healing is unusually fast.
((You have razor-sharp teeth.))
You have supernaturally acute eyesight. (SInv)
((You can survive without breathing.))
((Your flesh is cold resistant. (rC+)))


Message History

Unknown command.
You hit the crimson imp.
The crimson imp is moderately wounded.
The crimson imp closely misses you.
Unknown command.
You hit the crimson imp.
The crimson imp is heavily wounded.
The crimson imp hits you with a dagger of chaos.
You convulse.
Unknown command.
You are too injured to fight recklessly!
Unknown command.
You are too injured to fight recklessly!
You are too injured to fight recklessly!
The crimson imp blinks!
The crimson imp hits you with a dagger of chaos.
You are electrocuted!
Ouch! That really hurt!
You die...
Xom guffaws!

##### ###.#.# #.#.#.#
### #.#...######
§...####h'._§'5...#
........5#...####.#
.##.#....#.#.#.##.#
#....#.#.#.##.#######
####.#####...........
#..........######.
#....####### #.
####.# ###. ##'##
#...


You could see 2 crimson imps.

Vanquished Creatures
  Jessica (D:2)
  Robin (D:3)
  An adder (D:3)
  2 dart slugs
  5 leopard geckos
  3 orcs (D:3)
  6 bats
  3 giant cockroaches (D:1)
  8 hobgoblins
  3 jackals (D:3)
  A ball python (D:1)
  4 frilled lizards
  13 goblins
  8 kobolds
  6 rats
65 creatures vanquished.

Notes
Turn   | Place    | Note
-------+----------+-------------------------------------------
     0 | D:1      | Jannitor the Vampire Chaos Knight began the quest for the Orb.
     0 | D:1      | Reached XP level 1. HP: 17/17 MP: 1/1
    12 | D:1      | XOM: potion effect (curing)
   137 | D:1      | Reached XP level 2. HP: 19/23 MP: 2/2
   148 | D:1      | XOM: divination: detect items
   427 | D:2      | Reached skill level 4 in Unarmed Combat
   437 | D:2      | Noticed Jessica
   442 | D:2      | XOM: potion effect (haste)
   445 | D:2      | Killed Jessica
   445 | D:2      | Reached XP level 3. HP: 27/29 MP: 3/3
   939 | D:3      | Reached XP level 4. HP: 35/35 MP: 4/4
  1186 | D:3      | XOM is BORED!
  1186 | D:3      | XOM: harmless Summ miscast
  1211 | D:3      | Noticed Robin
  1224 | D:3      | XOM: potion effect (berserk rage)
  1232 | D:3      | Killed Robin
  1597 | D:3      | Found a shadowy altar of Dithmenos.
  1597 | D:3      | XOM: 8-stop teleportation journey
  1636 | D:3      | XOM: smoke on damage
  1658 | D:3      | Reached skill level 5 in Unarmed Combat
  1778 | D:3      | XOM: give mutation
  1778 | D:3      | Gained mutation: Your flesh is cold resistant. (rC+) [Xom's grace]
  1820 | D:3      | XOM: divination: detect items
  1828 | D:3      | Found a shimmering altar of Xom.
  1838 | D:3      | XOM: divination: detect items
  1867 | D:3      | Paralysed by a crimson imp for 6 turns
  1881 | D:3      | XOM: potion effect (brilliance)
  1888 | D:3      | XOM: potion effect (curing)
  1899 | D:3      | XOM: noise
  1905 | D:3      | Mangled by a crimson imp

Skill      XL: |  1  2  3  4 |
---------------+-------------+-----
Unarmed Combat | 4 5 |  5.0
Fighting       | 3 |  3.4
Dodging        | 3 |  3.2
Armour         | |  0.7

Action                   |  1- 3 |  4- 6 || total
-------------------------+-------+-------++-------
Melee: Unarmed           |   125 |   163 ||   288
       Bite              |    11 |    12 ||    23
       Punch             |       |     5 ||     5
  Use: Potion            |       |    11 ||    11
Armor: Leather armour    |    21 |    37 ||    58
       Skin              |       |     5 ||     5
Dodge: Dodged            |   103 |   109 ||   212
Block: Other             |       |    11 ||    11
